 Dungeon Crawl Stone Soup version 0.26-a0-670-g578ab304f5 (webtiles) character file.

Game seed: 957967318284395685

230 PentaManta the Ruffian (level 6, -2/47 HPs)
             Began as a Ghoul Artificer on Oct 19, 2020.
             Slain by an orc wizard
             ... wielding a +0 dagger
              (5 damage)
             ... on level 4 of the Dungeon.
             The game lasted 00:05:19 (3897 turns).

PentaManta the Ruffian (Ghoul Artificer)            Turns: 3897, Time: 00:05:19

Health: -2/47      AC:  5    Str: 18    XL:     6   Next: 3%
Magic:  14/14      EV: 10    Int:  6    God:
Gold:   273        SH:  0    Dex:  9    Spells: 5/5 levels left

rFire    . . .     SeeInvis .     - Unarmed
rCold    + . .     Faith    .   (no shield)
rNeg     + + +     Spirit   .   s - +0 ring mail
rPois    ∞         Reflect  .   (no helmet)
rElec    .         Harm     .   (no cloak)
rCorr    .         Rampage  .   (no gloves)
MR       +....                  (no boots)
Stlth    +.........             y - amulet of the acrobat
HPRegen  0.00/turn              l - ring of protection from magic
MPRegen  0.14/turn              v - ring of magical power

@: no status effects
A: rotting body, claws 1, cold resistance 1, negative energy resistance 3,
inhibited regeneration, torment resistance, unbreathing
a: no special abilities


You were on level 4 of the Dungeon.
You visited 1 branch of the dungeon, and saw 4 of its levels.

You collected 273 gold pieces.

Inventory:

Hand Weapons
 h - a +0 dagger of speed
 n - a +0 hunting sling
Missiles
 o - 90 stones (quivered)
Armour
 k - a +1 pair of gloves
 m - a +0 chain mail
 r - a +0 plate armour
 s - a +0 ring mail (worn)
Jewellery
 l - a ring of protection from magic (left claw)
 v - a ring of magical power (right claw)
 y - an amulet of the acrobat (around neck)
Wands
 c - a wand of flame (15)
 d - a wand of enslavement (15)
 e - a wand of random effects (15)
 u - a wand of paralysis (9)
Scrolls
 f - a scroll of amnesia {unknown}
 g - 3 scrolls of remove curse {unknown}
 j - 2 scrolls of identify {unknown}
 p - a scroll of random uselessness {unknown}
 q - a scroll of immolation {unknown}
 w - a scroll of enchant armour {unknown}
Potions
 a - 2 potions of haste {unknown}
 b - a potion of might {unknown}
 i - a potion of lignification {unknown}
 t - a potion of degeneration {unknown}


   Skills:
 - Level 1.1 Fighting
 - Level 2.0 Armour
 - Level 1.0 Dodging
 - Level 1.1 Stealth
 + Level 6.0 Unarmed Combat
 - Level 2.6 Evocations


You had 5 spell levels left.
You didn't know any spells.
Your spell library was empty.

Dungeon Overview and Level Annotations

Branches:
Dungeon (4/15)
 Temple: D:4-7

Altars:
Cheibriados
Elyvilon
Hepliaklqana
Ru


Innate Abilities, Weirdness & Mutations

Your body is rotting away.
You thrive by killing the living.
You are immune to poison.
You have sharp fingernails.
Your flesh is cold resistant. (rC+)
You are immune to negative energy. (rN+++)
You do not regenerate when monsters are visible.
You are immune to unholy pain and torment.
You can survive without breathing.


Message History

You barely miss the phantom. The phantom hits you!
Something hits you but does no damage.
You scratch the phantom.
The phantom is lightly damaged.
Something hits you but does no damage. The phantom closely misses you.
You barely miss the phantom.
The phantom is lightly damaged.
Something hits you but does no damage. The phantom hits you.
* * * LOW HITPOINT WARNING * * *
The phantom blinks!
You closely miss something. Something hits you but does no damage.
Something completely misses you.
You miss something. Something hits you but does no damage.
You closely miss something.
You hear some strange, mumbled words.
A puff of flame appears from out of thin air!
The puff of flame hits you!
* * * LOW HITPOINT WARNING * * *
You miss something. Something hits you but does no damage. Something hits you.
You die...

.# ##### .#
# #.... ..
.. ...## .#
... #{.##.#
.$..
#@.#.#.....
###...<...##
#.)......(.[
#.###..#####
#.# ..# ..
####.# #.# .
#....# .#
##.
#.#####.#.#
#..
#.......# #


There were no monsters in sight!

Vanquished Creatures
  2 orc wizards
  4 adders
  4 gnolls
  An ufetubus (D:2)
  An adder skeleton (D:4)
  2 worms (D:2)
  3 dart slugs (D:2)
  2 leopard geckos
  5 orcs
  11 bats
  2 giant cockroaches
  7 hobgoblins
  4 jackals (D:3)
  5 kobolds
  2 ball pythons
  5 frilled lizards
  9 goblins
  9 rats
78 creatures vanquished.

Notes
Turn   | Place    | Note
-------+----------+-------------------------------------------
     0 | D:1      | PentaManta the Ghoul Artificer began the quest for the Orb.
     0 | D:1      | Reached XP level 1. HP: 16/16 MP: 0/0
    74 | D:1      | Reached skill level 1 in Dodging
   288 | D:1      | Reached skill level 1 in Unarmed Combat
   288 | D:1      | Reached XP level 2. HP: 23/23 MP: 1/1
   614 | D:1      | Reached skill level 2 in Unarmed Combat
  1110 | D:2      | Reached XP level 3. HP: 28/28 MP: 2/2
  1189 | D:2      | Found a white marble altar of Elyvilon.
  1676 | D:2      | Reached skill level 3 in Unarmed Combat
  2026 | D:2      | Reached skill level 4 in Unarmed Combat
  2026 | D:2      | Reached XP level 4. HP: 20/35 MP: 3/3
  2624 | D:2      | Found a snail-covered altar of Cheibriados.
  2917 | D:3      | Found a hazy altar of Hepliaklqana.
  2934 | D:3      | Reached XP level 5. HP: 40/40 MP: 4/4
  3207 | D:3      | Found a sacrificial altar of Ru.
  3383 | D:3      | Reached skill level 5 in Unarmed Combat
  3858 | D:4      | Noticed a phantom
  3878 | D:4      | Reached skill level 6 in Unarmed Combat
  3878 | D:4      | Reached XP level 6. HP: 37/47 MP: 5/5
  3897 | D:4      | Slain by an orc wizard

Illustrated notes

Levels and vault maps discovered:
D:1:      dpeg_arrival_line_fractal, layout_rooms, minmay_unequal
D:2:      layout_basic, lemuel_doored_altar, lemuel_crystal_altar
D:3:      kennysheep_six_static_rooms, layout_loops_corners, old_standard_altar,
          nicolae_overflow_crystal_walls
D:4:      layout_rooms

Skill      XL: |  1  2  3  4  5 |
---------------+----------------+-----
Dodging        | 1 |  1.0
Armour         | 2 |  2.0
Unarmed Combat | 1 2 4 6 |  6.0
Fighting       | |  1.1
Stealth        | |  1.1
Evocations     | |  2.6

Action                   |  1- 3 |  4- 6 || total
-------------------------+-------+-------++-------
Melee: Unarmed           |   148 |   147 ||   295
       Punch             |       |     3 ||     3
Armor: Leather armour    |    62 |       ||    62
       Ring mail         |     9 |    50 ||    59
Dodge: Dodged            |    90 |    76 ||   166

Table legend: (Time is in decaauts)
 A = Elapsed time spent in this place.
 B = Non-inter-level travel time spent in this place.
 C = Inter-level travel time spent in this place.
 D = Time resting spent in this place.
 E = Time spent auto-exploring this place.
 F = Levels seen in this place.
 G = Mean time per level.
                   A        B        C        D        E       F      G
               +--------+--------+--------+--------+--------+-----+--------+
         Total |   3877 |   3765 |    112 |    387 |   2741 |   4 |  969.2 |
       Dungeon |   3877 |   3765 |    112 |    387 |   2741 |   4 |  969.2 |
               +--------+--------+--------+--------+--------+-----+--------+

Top non-repeatable levels by time:
     D:2: 1441 daAuts
     D:1: 1293 daAuts
     D:3: 1053 daAuts
     D:4: 89 daAuts
